 Dungeon Crawl Stone Soup version 0.26-a0-649-gf8c6c3aab7 (webtiles) character file.

Game seed: 13064297917276221756

1582 reriks the Skirmisher (level 8, -2/87 HPs)
             Began as an Ogre Fire Elementalist on Sept 27, 2020.
             Was a Follower of Vehumet.
             Slain by a wight
             ... wielding a +3 mace of freezing
              (10 damage)
             ... on level 8 of the Dungeon.
             The game lasted 00:13:17 (8446 turns).

reriks the Skirmisher (Ogre Fire Elementalist)      Turns: 8446, Time: 00:13:18

Health: -2/87      AC:  6    Str: 13    XL:     8   Next: 92%
Magic:  12/15      EV:  9    Int: 18    God:    Vehumet [*.....]
Gold:   380        SH:  0    Dex:  9    Spells: 0/16 levels left

rFire    + . .     SeeInvis .   w - staff of conjuration
rCold    x . .     Faith    .   (no shield)
rNeg     . . .     Spirit   .   e - +1 robe {MR+}
rPois    .         Reflect  .   (helmet restricted)
rElec    .         Harm     .   t - +1 cloak
rCorr    .         Rampage  .   (gloves unavailable)
MR       +....                  (boots unavailable)
Stlth    +.........             E - amulet of magic regeneration
HPRegen  0.24/turn              g - ring of wizardry
MPRegen  0.39/turn              p - ring of fire

@: very heavily drained
A: large, unfitting armour, tough skin 1
a: Renounce Religion


You were on level 8 of the Dungeon.
You worshipped Vehumet.
Vehumet was aware of your devotion.
You visited 2 branches of the dungeon, and saw 9 of its levels.

You collected 380 gold pieces.

Inventory:

Hand Weapons
 c - a +2 whip of flaming
 u - a +4 dagger of electrocution
 x - a +0 giant spiked club
Armour
 a - a +0 robe
 e - a +1 robe of magic resistance (worn)
 t - a +1 cloak (worn)
 y - +2 steam dragon scales
Magical Staves
 w - an uncursed staff of conjuration (weapon)
Jewellery
 g - a ring of wizardry (left hand)
 o - a +4 ring of protection {unknown}
 p - a ring of fire (right hand)
 q - an uncursed ring of protection from cold {unknown}
 E - an amulet of magic regeneration (around neck)
Wands
 D - a wand of paralysis (7)
Scrolls
 b - 4 scrolls of remove curse
 m - 2 scrolls of magic mapping
 n - 2 scrolls of teleportation
 s - 3 scrolls of identify
 v - 3 scrolls of immolation
 C - a scroll of enchant weapon {unknown}
Potions
 d - 2 potions of might
 f - a potion of magic
 h - a potion of brilliance {unknown}
 i - 4 potions of curing
 j - a potion of berserk rage {unknown}
 k - a potion of heal wounds
 l - 4 potions of stabbing
 r - a potion of flight {unknown}
 z - a potion of mutation {unknown}
 A - a potion of ambrosia {unknown}
 B - a potion of degeneration {unknown}


   Skills:
 * Level 7.0(3.5) Fighting
 - Level 0.3(0.0) Maces & Flails
 + Level 3.7(0.5) Dodging
 - Level 1.5(0.0) Stealth
 + Level 4.6(1.4) Spellcasting
 * Level 4.8(1.6) Conjurations
 * Level 5.7(2.3) Fire Magic


You couldn't memorise any spells.
You knew the following spells:

 Your Spells              Type           Power        Failure   Level
a - Foxfire               Conj/Fire      ###.         3%          1
b - Conjure Flame         Conj/Fire      ###.....     11%         3
c - Inner Flame           Hex/Fire       #.......     14%         3
d - Sticky Flame          Conj/Fire      ###.....     32%         4
e - Fireball              Conj/Fire      ###.......   65%         5

Your spell library contained the following spells:

 Spells                   Type           Power        Failure   Level
 Shock                    Conj/Air       #...         6%          1
 Corona                   Hex            #......      8%          1
 Ensorcelled Hibernation  Hex/Ice        #.....       12%         2
 Dazzling Flash           Conj/Hex       #.....       16%         3
 Confusing Touch          Hex            #.......     22%         3
 Tukima's Dance           Hex            #.......     22%         3


Dungeon Overview and Level Annotations

Branches:
Dungeon (8/15)             Temple (1/1) D:4
   Lair: D:8-11

Altars:
Ashenzari
Cheibriados
Dithmenos
Elyvilon
Fedhas
Gozag
Hepliaklqana
Kikubaaqudgha
Makhleb
Nemelex Xobeh
Okawaru
Qazlal
Sif Muna
Trog
Uskayaw
Vehumet
Wu Jian
Xom
Yredelemnul
Zin
The Shining One

Shops:
D:6 :

Annotations:
D:4 3 runed translucent doors, Demosthentine's ghost, novice MfGl
D:6 Prince Ribbit


Innate Abilities, Weirdness & Mutations

You are too large for most types of armour.
You have tough skin. (AC +1)


Message History

You feel a strong surge of power!
You conjure some foxfire!
The wight hits you with a +3 mace of freezing.
* * * LOW HITPOINT WARNING * * *
You feel drained.
* * * LOW HITPOINT WARNING * * *
The wight freezes you.
* * * LOW HITPOINT WARNING * * *
The foxfire hits the wight but does no damage.
The wight is heavily damaged.
The foxfire hits the wight.
The wight is heavily damaged.
The wight hits you with a +3 mace of freezing.
* * * LOW HITPOINT WARNING * * *
The wight freezes you.
* * * LOW HITPOINT WARNING * * *
Casting: Foxfire (safe; 3% risk of failure)
Confirm with . or Enter, or press ? or * to list all spells.
You feel a strong surge of power!
You conjure some foxfire!
The wight hits you with a +3 mace of freezing!
You die...

########
#......#
##......##
#........#
.........#
........v##
.....†§@v.#
.#####§.z.#
###...#
##... ##...
##


You could see a wight.

Vanquished Creatures
  Maggie (D:6)
  An ice beast (D:6)
  2 ogres
  A centaur (D:6)
  Blork the orc (D:6)
  A scorpion (D:5)
  5 wights
  A howler monkey (D:7)
  2 jellies (D:5)
  A hound (D:7)
  A centaur skeleton (D:4)
  An orc priest (D:4)
  5 orc wizards
  2 iguanas (D:6)
  A worker ant (D:5)
  A hound zombie (D:6)
  A hound skeleton (D:4)
  2 gnolls (D:7)
  4 adders
  3 shadow imps
  An ufetubus (D:6)
  An ooze (D:1)
  An adder zombie (D:5)
  3 worms
  2 dart slugs (D:2)
  A leopard gecko (D:3)
  20 orcs
  10 bats
  8 giant cockroaches
  4 hobgoblins
  8 jackals
  8 kobolds
  5 quokkas
  A ball python (D:2)
  2 ball python skeletons
  3 frilled lizards
  2 goblins
  A quokka zombie (D:6)
  7 rats
125 creatures vanquished.

Vanquished Creatures (others)
  452 foxfires
452 creatures vanquished.

Grand Total: 577 creatures vanquished

Notes
Turn   | Place    | Note
-------+----------+-------------------------------------------
     0 | D:1      | reriks the Ogre Fire Elementalist began the quest for the
                  | Orb.
     0 | D:1      | Reached XP level 1. HP: 16/16 MP: 3/3
   247 | D:1      | Reached skill level 1 in Conjurations
   251 | D:1      | Reached XP level 2. HP: 16/26 MP: 5/5
   494 | D:1      | Reached skill level 1 in Fighting
  1383 | D:2      | Reached XP level 3. HP: 33/33 MP: 4/7
  2020 | D:2      | Reached skill level 2 in Fighting
  2479 | D:3      | Reached XP level 4. HP: 42/42 MP: 4/8
  3513 | D:4      | Reached XP level 5. HP: 50/50 MP: 6/9
  3534 | D:4      | Reached skill level 3 in Fighting
  3643 | D:4      | Learned a level 3 spell: Conjure Flame
  3647 | D:4      | Learned a level 3 spell: Inner Flame
  3757 | D:4      | Found a runed translucent gate.
  3758 | D:4      | Found a runed translucent gate.
  3759 | D:4      | Found a runed translucent gate.
  3771 | D:4      | Found a staircase to the Ecumenical Temple.
  3784 | Temple   | Entered the Ecumenical Temple
  3903 | Temple   | Became a worshipper of Vehumet
  4095 | D:4      | Noticed an ogre
  4107 | D:4      | Killed an ogre
  4107 | D:4      | Reached XP level 6. HP: 62/62 MP: 5/10
  4170 | D:4      | Noticed Demosthentine's ghost (novice MfGl)
  4175 | D:4      | You fall into a shaft and drop 2 floors!
  4175 | D:6      | Noticed Maggie
  4193 | D:6      | Killed Maggie
  4193 | D:6      | Reached skill level 4 in Fighting
  4193 | D:6      | Reached XP level 7. HP: 19/71 MP: 2/12
  4479 | D:6      | Reached skill level 5 in Fighting
  4601 | D:5      | Entered Level 5 of the Dungeon
  4761 | D:4      | Found a burning altar of Makhleb.
  4762 | D:4      | Found an ancient bone altar of Kikubaaqudgha.
  4763 | D:4      | Found a shadowy altar of Dithmenos.
  4866 | D:5      | Learned a level 4 spell: Sticky Flame
  5159 | D:5      | You fall into a shaft and drop 1 floor!
  5534 | D:5      | Reached XP level 8. HP: 77/81 MP: 12/14
  6000 | D:6      | Found Wososchonu's Book Boutique.
  6303 | D:6      | Reached skill level 5 in Fire Magic
  6525 | D:6      | Noticed Blork the orc
  6855 | D:6      | Noticed Prince Ribbit
  7116 | D:6      | Reached skill level 6 in Fighting
  7661 | D:6      | Killed Blork the orc
  7755 | D:7      | Reached * piety under Vehumet
  7755 | D:7      | Offered knowledge of Shock by Vehumet.
  8261 | D:7      | Reached skill level 7 in Fighting
  8381 | D:7      | Learned a level 5 spell: Fireball
  8446 | D:8      | Slain by a wight

Illustrated notes

Levels and vault maps discovered:
D:1:      dpeg_arrival_circle_labyrinth_c, layout_loops_ring, serial_glass,
          glass_columns_a, glass_columns_c
D:2:      layout_basic, kennysheep_generic_room_8
D:3:      layout_loops_cross
D:4:      layout_basic, chequers_temple_overflow_statue_of_worship,
          minmay_temple_entry_mini_moons, gammafunk_ghost_icy
D:5:      layout_loops_ring, grunt_decor_one_mirror
D:6:      layout_loops_corners, serial_shops, nicolae_shop_statue_plus,
          uniq_blork_the_orc, uniq_prince_ribbit1, uniq_maggie
D:7:      layout_gridville, nicolae_ru_the_path_less_chosen, enter_bailey_8
D:8:      minmay_the_grid_triangle_9x9_rhombus_full
          [minmay_the_grid_triangle_9x9_subtriangle,
          minmay_the_grid_triangle_9x9_tough_junction,
          minmay_the_grid_triangle_9x9_swiss_cheese,
          minmay_the_grid_triangle_9x9_dagger,
          minmay_the_grid_triangle_9x9_from_above,
          minmay_the_grid_triangle_9x9_stretched_checkered,
          minmay_the_grid_triangle_9x9_sprig,
          minmay_the_grid_triangle_9x9_prize_special], layout_cave_pods,
          lair_entry_dummy, ebering_ghost_reflecting_pool, uniq_harold
Temple:   hc_temple_tempest_star

Skill      XL: |  1  2  3  4  5  6  7  8 |
---------------+-------------------------+-----
Conjurations   | 1 2 3 4 |  4.8
Fighting       | 1 2 3 4 5 7 |  7.0
Dodging        | 2 3 |  3.7
Fire Magic     | 3 4 5 |  5.7
Spellcasting   | 3 4 |  4.6
Maces & Flails | |  0.3
Stealth        | |  1.5

Action                   |  1- 3 |  4- 6 |  7- 9 || total
-------------------------+-------+-------+-------++-------
Melee: Whip              |    40 |       |       ||    40
       Dagger            |       |     5 |       ||     5
       Staff             |       |       |     5 ||     5
 Cast: Foxfire           |    52 |    58 |   152 ||   262
       Conjure Flame     |       |     1 |       ||     1
  Use: Scroll            |       |       |    17 ||    17
       Potion            |       |       |     2 ||     2
 Stab: Sleeping          |     1 |       |       ||     1
Armor: Robe              |    13 |     7 |    21 ||    41
Dodge: Dodged            |    22 |     6 |    66 ||    94

Table legend: (Time is in decaauts)
 A = Elapsed time spent in this place.
 B = Non-inter-level travel time spent in this place.
 C = Inter-level travel time spent in this place.
 D = Time resting spent in this place.
 E = Time spent auto-exploring this place.
 F = Levels seen in this place.
 G = Mean time per level.
                   A        B        C        D        E       F      G
               +--------+--------+--------+--------+--------+-----+--------+
         Total |   8450 |   8202 |    248 |   3504 |   3394 |   9 |  938.9 |
       Dungeon |   8319 |   8082 |    237 |   3504 |   3298 |   8 | 1039.9 |
        Temple |    131 |    120 |     11 |      0 |     96 |   1 |  131.0 |
               +--------+--------+--------+--------+--------+-----+--------+

Top non-repeatable levels by time:
     D:6: 2043 daAuts
     D:2: 1355 daAuts
     D:5: 1264 daAuts
     D:1: 1104 daAuts
     D:3: 917 daAuts
     D:4: 908 daAuts
     D:7: 709 daAuts
  Temple: 131 daAuts
     D:8: 16 daAuts
